 Dungeon Crawl Stone Soup version 0.29.1-1-gd02db6906a (webtiles) character file.

Game seed: 3874360418681418000

6861 tardwrangler69 the Cleaver (level 10, 0/94 HPs)
             Began as a Minotaur Fighter on Oct 17, 2022.
             Was a High Priest of Okawaru.
             Slain by an orc warrior
             ... wielding a +0 short sword
              (7 damage)
             ... on level 10 of the Dungeon.
             The game lasted 00:09:05 (12313 turns).

tardwrangler69 the Cleaver (Minotaur Fighter)      Turns: 12313, Time: 00:09:06

Health: 0/94       AC: 13    Str: 24    XL:     10   Next: 78%
Magic:  14/14      EV: 11    Int:  5    God:    Okawaru [*****.]
Gold:   497        SH: 10    Dex: 11    Spells: 9/9 levels left

rFire   . . .      SeeInvis .   a - +0 war axe
rCold   + . .      Faith    .   G - +0 kite shield
rNeg    + . .      Spirit   .   A - +4 ring mail of Neupt {rN+}
rPois   .          Reflect  .   (helmet restricted)
rElec   .          Harm     .   z - scarf {repulsion}
rCorr   .          Rampage  .   b - +0 pair of gloves
Will    .....                   p - +0 pair of boots
Stlth   ++........              (no amulet)
HPRegen 0.25/turn               e - ring of protection from cold
MPRegen 0.14/turn               (no ring)

@: mighty, heroic, slowed, repel missiles, very slow
A: horns 2, retaliatory headbutt
a: Renounce Religion, Heroism, Finesse, Duel


You were on level 10 of the Dungeon.
You worshipped Okawaru.
Okawaru was extremely pleased with you.
You visited 2 branches of the dungeon, and saw 11 of its levels.

You collected 497 gold pieces.

Inventory:

Hand Weapons
 a - a +0 war axe (weapon)
Missiles
 I - 2 javelins (quivered)
 J - 3 silver javelins
Armour
 b - a +0 pair of gloves (worn)
 p - a +0 pair of boots (worn)
 z - a scarf of repulsion (worn)
 A - the +4 ring mail of Neupt (worn) {rN+}
   (You found it on level 5 of the Dungeon)

   rN:        It protects you from negative energy.
 G - a +0 kite shield (worn)
Jewellery
 e - a ring of protection from cold (left hand)
Wands
 i - a wand of iceblast (10)
 n - a wand of flame (37)
 q - a wand of mindburst (15)
 y - a wand of paralysis (14)
Scrolls
 c - 3 scrolls of vulnerability
 f - a scroll of enchant armour
 h - 3 scrolls of teleportation
 l - 3 scrolls of blinking
 m - 3 scrolls of fear
 o - 4 scrolls of brand weapon
 u - a scroll of immolation
 v - 2 scrolls of amnesia
 x - a scroll of magic mapping
 C - a scroll of enchant weapon
Potions
 d - a potion of might
 j - 2 potions of brilliance
 k - 2 potions of mutation {unknown}
 r - 2 potions of flight
 s - 2 potions of degeneration {unknown}
 t - 3 potions of magic {unknown}
 w - 3 potions of attraction
 B - a potion of resistance {unknown}
 E - a potion of lignification {unknown}


   Skills:
 + Level 10.9(15.9) Fighting
 * Level 14.4(19.4) Axes
 - Level 3.6(8.6) Armour
 + Level 4.4(9.4) Shields
 - Level 7.0 Invocations


You had 9 spell levels left.
You didn't know any spells.
Your spell library contained the following spells:

 Spells                   Type           Power      Damage    Failure   Level
 Freeze                   Ice            0%         1d3       87%         1
 Magic Dart               Conj           0%         1d3       87%         1
 Ensorcelled Hibernation  Hex/Ice        0%         N/A       95%         2
 Passwall                 Tmut/Erth      0%         N/A       95%         2
 Searing Ray              Conj           0%         2d4       95%         2
 Static Discharge         Conj/Air       0%         3-3/arc   95%         2
 Dazzling Flash           Conj/Hex       0%         N/A       99%         3
 Frozen Ramparts          Ice            0%         1d1       99%         3
 Gell's Gravitas          Tloc           0%         N/A       99%         3
 Inner Flame              Hex/Fire       0%         N/A       99%         3
 Ozocubu's Armour         Ice            0%         N/A       99%         3
 Swiftness                Air            0%         N/A       99%         3
 Teleport Other           Tloc           0%         N/A       99%         3
 Cause Fear               Hex            0%         N/A       100%        4
 Dispel Undead            Necr           0%         3d6       100%        4
 Fulminant Prism          Conj/Hex       0%         3d6       100%        4
 Hailstorm                Conj/Ice       0%         3d3       100%        4
 Sticky Flame             Conj/Fire      0%         2d3       100%        4
 Agony                    Necr           0%         N/A       100%        5
 Metabolic Englaciation   Hex/Ice        0%         N/A       100%        5
 Silence                  Hex/Air        0%         N/A       100%        5
 Dispersal                Tloc           0%         N/A       100%        6
 Discord                  Hex            0%         N/A       100%        8
 Simulacrum               Ice/Necr       Unusable   N/A       N/A         6

Dungeon Overview and Level Annotations

Branches:
Dungeon (10/15)            Temple (1/1) D:4            Lair (0/5) D:8
    Orc (0/2) D:9

Altars:
Ashenzari
Cheibriados
Dithmenos
Elyvilon
Fedhas
Gozag
Hepliaklqana
Kikubaaqudgha
Makhleb
Nemelex Xobeh
Okawaru
Qazlal
Ru
Sif Muna
Trog
Uskayaw
Vehumet
Wu Jian
Xom
Yredelemnul
Zin
The Shining One

Annotations:
D:8 1 runed translucent door
D:9 3 runed translucent doors, TheSexyCheese's ghost, novice HOBe; TheSexyCheese's ghost, novice MiFi


Innate Abilities, Weirdness & Mutations

You have a pair of horns on your head.
You reflexively headbutt those who attack you in melee.


Message History

You barely miss the kobold brigand. You barely miss the kobold.
You feel sick.
The kobold brigand hits you with a +0 lajatang!
* * * LOW HITPOINT WARNING * * *
You block the kobold's attack. The kobold brigand misses you.
You furiously retaliate!
You headbutt the kobold brigand!
You kill the kobold brigand!
Okawaru accepts your kill. The kobold hits you but does no damage.
An orc warrior comes into view. It is wielding a +0 short sword.
The kobold brigand hits you with a +0 lajatang!
* * * LOW HITPOINT WARNING * * *
You block the orc's attack.
Okay, then.
Unknown command.
The kobold attacks as you move away! You block the kobold's attack.
You feel sick.
You are no longer poisoned.
The orc closely misses you.
Items here: ( )) †.
The orc attacks as you move away! You block the orc's attack.
The orc hits you with a +0 whip.
* * * LOW HITPOINT WARNING * * *
You slice the orc!!
You kill the orc!
Okawaru accepts your kill.
You slice the kobold!!
You kill the kobold!
You barely miss the kobold brigand.
The kobold brigand is moderately wounded.
The kobold brigand hits you but does no damage.
You slash the kobold brigand! You headbutt the kobold brigand!
You kill the kobold brigand!
Okawaru accepts your kill.
You slice the orc warrior!!
The orc warrior is severely wounded.
The orc warrior closely misses you.
You hit the orc warrior. You headbutt the orc warrior!
The orc warrior is almost dead.
The orc warrior hits you with a +0 short sword!
You die...

........).. #......##
#.......## ##..#..##
#........# #.).#.### #
#.......####...#...##
#.###.........#.##?.....
#...(†#....#....#..)....
#....)###..#....##...#..
#.###)#.................
# #...o@..###..##.......
#)))#######.##........
#..).#..##...#........
#...##.....#..........<.
#####...................
#...................
#...................
......o............##
...................##


You could see an orc warrior.

Vanquished Creatures
  2 two-headed ogres
  Maggie (D:7)
  9 yaks
  A vampire (D:10)
  3 steam dragons
  A water moccasin (D:6)
  2 ice beasts (D:5)
  2 sky beasts
  5 centaurs
  4 ogres
  2 kobold brigands (D:10)
  A bullfrog (D:7)
  A gnoll sergeant (D:8)
  3 scorpions
  15 wights
  4 killer bees (D:7)
  A howler monkey (D:8)
  4 orc priests
  2 hounds (D:5)
  A gnoll bouda (D:6)
  An iron imp (D:4)
  6 orc wizards
  4 iguanas
  Natasha (thrice) (D:4)
  A mummy (D:4)
  7 gnolls
  4 river rats (D:4)
  15 adders
  3 ufetubi
  A worm (D:2)
  32 orcs
  7 endoplasms
  3 giant cockroaches
  11 goblins
  7 hobgoblins
  3 jackals (D:2)
  3 quokkas
  7 ball pythons
  7 bats
  A frilled lizard (D:2)
  A hobgoblin zombie (D:4)
  A jackal skeleton (D:8)
  17 kobolds
  A kobold zombie (D:4)
  2 orc zombies (D:4)
  7 rats
219 creatures vanquished.

Vanquished Creatures (others)
  A bush (D:6)
  5 withered plants (D:9)
6 creatures vanquished.

Grand Total: 225 creatures vanquished

Notes
Turn   | Place    | Note
-------+----------+-------------------------------------------
     0 | D:1      | tardwrangler69 the Minotaur Fighter began the quest for the
                  | Orb.
     0 | D:1      | Reached XP level 1. HP: 19/19 MP: 0/0
   359 | D:1      | Reached skill level 3 in Axes
   378 | D:1      | Reached XP level 2. HP: 23/27 MP: 1/1
   527 | D:1      | Found a faded altar of an unknown god.
  1074 | D:2      | Reached XP level 3. HP: 24/33 MP: 2/2
  1336 | D:2      | Reached skill level 4 in Axes
  1924 | D:3      | Reached XP level 4. HP: 36/41 MP: 3/3
  2355 | D:3      | Reached skill level 5 in Axes
  2780 | D:4      | Reached skill level 5 in Fighting
  2780 | D:4      | Reached XP level 5. HP: 33/48 MP: 4/4
  3021 | D:4      | Reached skill level 6 in Axes
  3104 | D:4      | Noticed Natasha
  3112 | D:4      | Killed Natasha
  3172 | D:4      | Found a staircase to the Ecumenical Temple.
  3200 | Temple   | Entered the Ecumenical Temple
  3395 | Temple   | Became a worshipper of Warmaster Okawaru
  3429 | D:4      | Reached XP level 6. HP: 56/56 MP: 5/5
  3649 | D:4      | Found a snail-covered altar of Cheibriados.
  3939 | D:4      | Noticed Natasha
  3947 | D:4      | Killed Natasha
  3948 | D:4      | Reached skill level 1 in Invocations
  4056 | D:4      | Found a staircase to the Ecumenical Temple.
  4150 | D:4      | Noticed Natasha
  4160 | D:4      | Killed Natasha
  4161 | D:4      | Reached skill level 7 in Axes
  4546 | D:4      | Found a snail-covered altar of Cheibriados.
  4616 | D:5      | Entered Level 5 of the Dungeon
  4979 | D:5      | Noticed an ice beast
  5000 | D:5      | Reached XP level 7. HP: 62/63 MP: 7/7
  5013 | D:5      | Reached * piety under Okawaru
  5087 | D:5      | Identified the +4 ring mail of Neupt {rN+}
  5290 | D:5      | Reached skill level 8 in Axes
  5460 | D:5      | Reached XP level 8. HP: 57/71 MP: 9/9
  5590 | D:5      | Reached ** piety under Okawaru
  5591 | D:5      | Reached skill level 9 in Axes
  6829 | D:6      | Reached skill level 10 in Axes
  7853 | D:7      | Noticed Maggie
  7877 | D:7      | Killed Maggie
  7878 | D:7      | Reached skill level 5 in Invocations
  7878 | D:7      | Reached XP level 9. HP: 73/82 MP: 9/11
  8008 | D:7      | Reached skill level 11 in Axes
  8261 | D:7      | Reached *** piety under Okawaru
  9089 | D:8      | Reached skill level 12 in Axes
  9245 | D:8      | Reached **** piety under Okawaru
  9256 | D:8      | Reached XP level 10. HP: 38/91 MP: 13/13
  9673 | D:8      | Found a runed translucent door.
  9681 | D:8      | Found a staircase to the Lair.
  9786 | D:8      | Found a basalt altar of Yredelemnul.
  9997 | D:8      | Reached skill level 13 in Axes
 10120 | D:8      | Noticed a two-headed ogre
 10129 | D:8      | Killed a two-headed ogre
 10130 | D:8      | Reached skill level 10 in Fighting
 10527 | D:9      | Found a staircase to the Orcish Mines.
 10735 | D:9      | Noticed a two-headed ogre
 10742 | D:9      | Killed a two-headed ogre
 11106 | D:9      | Found a runed translucent gate.
 11106 | D:9      | Found a runed translucent gate.
 11106 | D:9      | Found a runed translucent gate.
 11111 | D:9      | Noticed TheSexyCheese's ghost (novice MiFi)
 11111 | D:9      | Noticed TheSexyCheese's ghost (novice HOBe)
 11294 | D:9      | Noticed Maurice
 11303 | D:9      | Reached skill level 14 in Axes
 12072 | D:10     | Entered Level 10 of the Dungeon
 12261 | D:10     | Reached ***** piety under Okawaru
 12313 | D:10     | Slain by an orc warrior

Illustrated notes

Levels and vault maps discovered:
D:1:      erik_arrival_orb_chamber, layout_loops_ring,
          dreamdust_ecumenical_altar_angels_and_demons
D:2:      layout_basic
D:3:      minmay_inner_zag, layout_loops_ring, minmay_quantized
D:4:      kennysheep_spiral_hall, layout_cave_pools, slow_altar_2,
          minmay_temple_entry_hall, portal_sewer_entry_e, minmay_mini_ossuary,
          uniq_natasha
D:5:      layout_loops_ring, amcnicky_mini_pool_medium
D:6:      layout_layer_cave, kb_lookout_dungeons_type
D:7:      nicolae_cairo_tiling_very_big, layout_rooms, uniq_maggie
D:8:      layout_basic, dk_yredelemnul_ordeal, lair_entry_dummy,
          grunt_decor_resistance, eino_tiny_chamber,
          chequers_serial_rivers_room_b
D:9:      layout_roguey, orc_0_dummy, gammafunk_ghost_cemetery, minmay_holes,
          uniq_maurice
D:10:     layout_cave_pools, ebering_ghost_gozag, bh_walls_and_bars
Temple:   nicolae_temple_slightly_damp_pantheon

Skill      XL: |  1  2  3  4  5  6  7  8  9 10 |
---------------+-------------------------------+-----
Axes           | 3 4 5 6 7 8 10 12 14 | 14.4
Fighting       | 4 5 6 8 9 10 | 10.9
Invocations    | 2 3 5 6 7 |  7.0
Shields        | 4 |  4.4
Armour         | |  3.6

Action                   |  1- 3 |  4- 6 |  7- 9 | 10-12 || total
-------------------------+-------+-------+-------+-------++-------
Melee: War axe           |    80 |   160 |   221 |   125 ||   586
       Headbutt          |     4 |    18 |    43 |    27 ||    92
Invok: Heroism           |       |       |     3 |     3 ||     6
Evoke: Wand              |       |     1 |     1 |     3 ||     5
  Use: Potion            |       |     5 |     3 |     3 ||    11
       Scroll            |       |       |       |    13 ||    13
 Stab: Paralysed         |       |       |     4 |       ||     4
Armor: Scale mail        |    53 |    76 |       |       ||   129
       Ring mail         |       |       |   109 |    57 ||   166
Dodge: Dodged            |    33 |    57 |   112 |    35 ||   237
       Repelled          |       |       |     3 |       ||     3
Block: Buckler           |    16 |    25 |    41 |       ||    82
       Kite shield       |       |       |    16 |    58 ||    74
